 Dungeon Crawl Stone Soup version 0.30-a0-457-g4b7bca3bfa (webtiles) character file.

Game seed: 18313696299517459199

56 arthad the Prestidigitator (level 3, 0/26 HPs)
             Began as a Gnoll Wanderer on Dec 13, 2022.
             Slain by a gnoll
             ... wielding a +0 spear
              (4 damage)
             ... on level 3 of the Dungeon.
             The game lasted 00:02:41 (1556 turns).

arthad the Prestidigitator (Gnoll Wanderer)         Turns: 1556, Time: 00:02:41

Health: 0/26       AC:  6    Str: 14    XL:     3   Next: 95%
Magic:  7/7        EV:  9    Int: 10    God:
Gold:   95         SH:  0    Dex: 11    Spells: 5/7 levels left

rFire   . . .      SeeInvis .    a - +0 club
rCold   . . .      Faith    .    (no shield)
rNeg    . . .      Spirit   .    b - +0 scale mail
rPois   .          Reflect  .    (no helmet)
rElec   .          Harm     .    (no cloak)
rCorr   .          Rampage  .    (no gloves)
Will    .....                    (no boots)
Stlth   +.........               l - amulet of magic regeneration
HPRegen 0.24/turn                (no ring)
MPRegen 0.50/turn                (no ring)

@: no status effects
A: fangs 1, strong nose, distributed training
a: no special abilities


You were on level 3 of the Dungeon.
You visited 1 branch of the dungeon, and saw 3 of its levels.

You collected 95 gold pieces.

Inventory:

Hand Weapons
 a - a +0 club (weapon)
Missiles
 n - 5 curare-tipped darts
Armour
 b - a +0 scale mail (worn)
 m - a scarf of harm
Jewellery
 l - an amulet of magic regeneration (around neck)
Wands
 d - a wand of mindburst (7) (quivered)
Scrolls
 e - 2 scrolls of identify {unknown}
 i - a scroll of poison {unknown}
 j - 2 scrolls of teleportation {unknown}
 k - a scroll of vulnerability {unknown}
Potions
 c - a potion of invisibility
 f - 2 potions of mutation {unknown}
 g - 3 potions of curing {unknown}
 h - 3 potions of resistance {unknown}


   Skills:
 + Level 1.0 Fighting
 + Level 1.0 Short Blades
 + Level 1.0 Long Blades
 + Level 1.0 Axes
 + Level 1.0 Maces & Flails
 + Level 1.0 Polearms
 + Level 1.0 Staves
 + Level 1.0 Ranged Weapons
 + Level 1.0 Throwing
 + Level 2.7 Armour
 + Level 1.0 Dodging
 + Level 2.5 Stealth
 + Level 1.0 Shields
 + Level 1.0 Unarmed Combat
 + Level 2.9 Spellcasting
 + Level 0.7 Conjurations
 + Level 0.7 Hexes
 + Level 0.7 Summonings
 + Level 0.7 Necromancy
 + Level 0.7 Translocations
 + Level 5.4 Transmutations
 + Level 0.7 Fire Magic
 + Level 0.7 Ice Magic
 + Level 0.7 Air Magic
 + Level 0.7 Earth Magic
 + Level 0.7 Poison Magic
 + Level 1.1 Invocations
 + Level 8.5 Evocations


You had 5 spell levels left.
You knew the following spells:

 Your Spells              Type           Power      Damage    Failure   Level
a - Wereblood             Tmut           12%        N/A       19%         2

Your spell library contained the following spells:

 Spells                   Type           Power      Damage    Failure   Level
 Passwall                 Tmut/Erth      5%         N/A       43%         2
 Call Canine Familiar     Summ           2%         N/A       95%         3
 Portal Projectile        Hex/Tloc       4%         N/A       95%         3
 Leda's Liquefaction      Hex/Erth       1%         N/A       100%        4


Dungeon Overview and Level Annotations

Branches:
Dungeon (3/15)

Altars:


Innate Abilities, Weirdness & Mutations

You have very sharp teeth.
Your uncanny sense of smell can sniff out nearby items.
Your experience applies equally to all skills.


Message History

The orc priest is moderately wounded.
You hear a shout!
An orc comes into view. It is wielding a +0 club.
The hobgoblin hits you but does no damage.
The orc closely misses you.
The orc priest invokes the aid of Beogh against you.
Beogh smites you!
You hear a shout!
Unknown command.
You completely miss the hobgoblin. The orc priest closely misses you.
The orc barely misses you.
The hobgoblin hits you but does no damage.
A bat comes into view.
You closely miss the hobgoblin.
The gnoll hits you from afar with a +0 spear.
The orc hits you but does no damage. The hobgoblin barely misses you.
The orc priest hits you but does no damage.
The gnoll hits you from afar with a +0 spear.
* * * LOW HITPOINT WARNING * * *
The hobgoblin hits you but does no damage.
A goblin comes into view. It is wielding a +0 short sword.
The orc priest hits you but does no damage.
The orc hits you but does no damage.
Unknown command.
Aiming: Mindburst
Press: ? - help, Shift-Dir - straight line, f - bat
Aim: a bat (chance to affect: 95%)
The orc priest barely resists.
The goblin shouts!
You hear a shout!
The hobgoblin barely misses you. The orc priest hits you with a +0 whip.
* * * LOW HITPOINT WARNING * * *
The gnoll misses you. The orc hits you but does no damage.
Unknown command.
Aiming: Mindburst
Press: ? - help, Shift-Dir - straight line, f - hobgoblin, p - bat
Aim: a hobgoblin (chance to affect: 95%)
The hobgoblin's mind is blasted!!
You blow up the hobgoblin!
The gnoll hits you from afar with a +0 spear.
You die...

...# ∆
...#
... ..#
.. ∆
.###
###...#
#.<.#
#@###


#goo# #..gg## #.#b# .. #. .g .. ∆ . .# .. You could see an orc priest, 3 gnolls,
an orc, a goblin and a bat.

Vanquished Creatures
  An adder (D:2)
  3 dart slugs
  An orc (D:3)
  A ball python (D:2)
  4 endoplasms (D:2)
  3 giant cockroaches
  2 goblins (D:2)
  6 hobgoblins
  2 jackals (D:1)
  3 kobolds (D:2)
  A quokka (D:2)
  2 bats
  2 frilled lizards (D:2)
  5 rats
36 creatures vanquished.

Notes
Turn   | Place    | Note
-------+----------+-------------------------------------------
     0 | D:1      | arthad the Gnoll Wanderer began the quest for the Orb.
     0 | D:1      | arthad set off with the following items: a +0 club, a +0
                  | scale mail, a potion of invisibility, a wand of mindburst
                  | (9); and the following spells available to memorise:
                  | Wereblood, Passwall.
     0 | D:1      | Reached XP level 1. HP: 13/13 MP: 4/4
   159 | D:1      | Found a faded altar of an unknown god.
   159 | D:1      | Noticed a tormentor
   226 | D:1      | Reached XP level 2. HP: 18/19 MP: 5/5
   260 | D:1      | Learned a level 2 spell: Wereblood
   696 | D:2      | Reached XP level 3. HP: 8/25 MP: 7/7
   864 | D:2      | Reached skill level 1 in Invocations
  1276 | D:2      | Reached skill level 1 in Fighting
  1276 | D:2      | Reached skill level 1 in Short Blades
  1276 | D:2      | Reached skill level 1 in Long Blades
  1276 | D:2      | Reached skill level 1 in Axes
  1276 | D:2      | Reached skill level 1 in Maces & Flails
  1276 | D:2      | Reached skill level 1 in Polearms
  1276 | D:2      | Reached skill level 1 in Staves
  1276 | D:2      | Reached skill level 1 in Ranged Weapons
  1276 | D:2      | Reached skill level 1 in Throwing
  1276 | D:2      | Reached skill level 1 in Dodging
  1276 | D:2      | Reached skill level 1 in Shields
  1276 | D:2      | Reached skill level 1 in Unarmed Combat
  1556 | D:3      | Slain by a gnoll

Illustrated notes

Levels and vault maps discovered:
D:1:      minmay_arrival_open_corners, layout_loops_ring,
          dreamdust_ecumenical_altar_sealed_demon
D:2:      layout_basic
D:3:      layout_loops_ring, uniq_natasha, uniq_grinder

Skill      XL: |  1  2  3 |
---------------+----------+-----
Invocations    | 1 |  1.1
Fighting       | 1 |  1.0
Short Blades   | 1 |  1.0
Long Blades    | 1 |  1.0
Axes           | 1 |  1.0
Maces & Flails | 1 |  1.0
Polearms       | 1 |  1.0
Staves         | 1 |  1.0
Ranged Weapons | 1 |  1.0
Throwing       | 1 |  1.0
Dodging        | 1 |  1.0
Shields        | 1 |  1.0
Unarmed Combat | 1 |  1.0
Armour         | |  2.7
Stealth        | |  2.5
Spellcasting   | |  2.9
Conjurations   | |  0.7
Hexes          | |  0.7
Summonings     | |  0.7
Necromancy     | |  0.7
Translocations | |  0.7
Transmutations | |  5.4
Fire Magic     | |  0.7
Ice Magic      | |  0.7
Air Magic      | |  0.7
Earth Magic    | |  0.7
Poison Magic   | |  0.7
Evocations     | |  8.5

Action                   || total
-------------------------++-------
Melee: Club              ||   150
       Bite              ||    18
       Punch             ||     5
Evoke: Wand              ||     2
Armor: Scale mail        ||    86
Dodge: Dodged            ||    84

Table legend: (Time is in decaauts)
 A = Elapsed time spent in this place.
 B = Non-inter-level travel time spent in this place.
 C = Inter-level travel time spent in this place.
 D = Time resting spent in this place.
 E = Time spent auto-exploring this place.
 F = Levels seen in this place.
 G = Mean time per level.
                   A        B        C        D        E       F      G
               +--------+--------+--------+--------+--------+-----+--------+
         Total |   1595 |   1533 |     62 |     72 |   1114 |   3 |  531.7 |
       Dungeon |   1595 |   1533 |     62 |     72 |   1114 |   3 |  531.7 |
               +--------+--------+--------+--------+--------+-----+--------+

Top non-repeatable levels by time:
     D:2: 900 daAuts
     D:1: 682 daAuts
     D:3: 13 daAuts
